 Dungeon Crawl Stone Soup version 0.28.0-45-g0d030f2227 (webtiles) character file.

Game seed: 11352299099562627742

2214 pkoi the Martial Artist (level 8, -5/56 HPs)
             Began as a Demigod Gladiator on Apr 7, 2022.
             Slain by a wyvern (7 damage)
             ... on level 6 of the Dungeon.
             The game lasted 00:10:45 (9927 turns).

pkoi the Martial Artist (Demigod Gladiator)         Turns: 9927, Time: 00:10:46

Health: -5/56      AC:  5    Str: 25    XL:     8   Next: 89%
Magic:  15/15      EV: 14    Int: 10    God:
Gold:   367        SH:  0    Dex: 19    Spells: 6/13 levels left

rFire   . . .      SeeInvis .     - Unarmed
rCold   . . .      Faith    .   (no shield)
rNeg    . . .      Spirit   .   a - +0 leather armour
rPois   .          Reflect  .   (helmet restricted)
rElec   .          Harm     .   y - +0 cloak
rCorr   .          Rampage  .   k - +0 pair of gloves
Will    .....                   (no boots)
Stlth   +.........              (no amulet)
HPRegen 0.18/turn               j - +6 ring of strength
MPRegen 0.14/turn               (no ring)

@: no status effects
A: high MP 1, forlorn, divine attributes, antennae 1, frail 1
a: no special abilities


You were on level 6 of the Dungeon.
You visited 1 branch of the dungeon, and saw 7 of its levels.

You collected 367 gold pieces.

Inventory:

Hand Weapons
 d - a +3 dagger of venom
 f - a +1 dagger of speed
 h - a +3 short sword of flaming
 m - a +2 vampiric dagger
Missiles
 c - 2 throwing nets (quivered)
Armour
 a - a +0 leather armour (worn)
 b - a +1 helmet
 k - a +0 pair of gloves (worn)
 y - a +0 cloak (worn)
Jewellery
 j - a +6 ring of strength (left hand)
 v - an amulet of regeneration
 A - a ring of resist corrosion
Wands
 r - a wand of iceblast (6)
Scrolls
 e - 2 scrolls of enchant armour
 g - a scroll of silence
 n - a scroll of enchant weapon {unknown}
 s - a scroll of summoning
 t - a scroll of holy word {unknown}
 u - a scroll of teleportation
Potions
 i - a potion of mutation
 l - a potion of cancellation
 q - 2 potions of ambrosia {unknown}
 w - a potion of flight
 x - a potion of heal wounds
 z - a potion of might


   Skills:
 + Level 3.4 Fighting
 - Level 1.7 Throwing
 + Level 4.1 Dodging
 * Level 9.3 Unarmed Combat
 - Level 3.0 Spellcasting
 + Level 3.4 Air Magic


You had 6 spell levels left.
You knew the following spells:

 Your Spells              Type           Power      Damage    Failure   Level
a - Swiftness             Air            8%         N/A       24%         3
b - Airstrike             Air            4%         N/A       63%         4

Your spell library contained the following spells:

 Spells                   Type           Power      Damage    Failure   Level
 Shock                    Conj/Air       16%        1d4       16%         1
 Foxfire                  Conj/Fire      4%         2x1d4     32%         1
 Sandblast                Erth           2%         2d4       32%         1
 Slow                     Hex            4%         N/A       32%         1
 Passwall                 Tmut/Erth      0%         N/A       43%         2
 Confusing Touch          Hex            1%         N/A       67%         3
 Conjure Flame            Conj/Fire      1%         6-21      67%         3
 Inner Flame              Hex/Fire       1%         N/A       67%         3
 Stone Arrow              Conj/Erth      2%         3d7       67%         3
 Vampiric Draining        Necr           1%         2d6       67%         3
 Flame Wave               Conj/Fire      1%         2d4       97%         4
 Freezing Cloud           Conj/Ice/Air   1%         6-21      99%         5
 Dispersal                Tloc           0%         N/A       100%        6
 Simulacrum               Ice/Necr       0%         N/A       100%        6
 Disjunction              Tloc           0%         N/A       100%        8
 Polar Vortex             Ice            0%         N/A       100%        9


Dungeon Overview and Level Annotations

Branches:
Dungeon (7/15)             Temple (0/1) D:5


Innate Abilities, Weirdness & Mutations

You have an increased reservoir of magic. (+10% MP)
You shall have no god before yourself.
Your divine heritage dramatically boosts your attributes as you level up.
You have a pair of small antennae on your head.
You are frail. (-10% HP)


Message History

The wyvern barely misses you. The wyvern misses you.
You catch the helpless wyvern completely off-guard!
You hit the wyvern.
The wyvern is moderately wounded.
The wyvern barely misses you.
You closely miss the wyvern.
The wyvern is moderately wounded.
The wyvern bites you.
* * * LOW HITPOINT WARNING * * *
The wyvern barely misses you. The wyvern closely misses you.
The wyvern hisses menacingly.
The wyvern barely misses you. The wyvern closely misses you.
Okay, then.
It was a potion of curing.
You feel better. The wyvern barely misses you. The wyvern bites you!
* * * LOW HITPOINT WARNING * * *
Throw: 4 throwing nets
Press: ? - help, Q - select action, (/) - cycle Shift-Dir - straight line, f - wyvern
Aim: a wyvern (lightly wounded, 62% to hit)
You throw a throwing net. The throwing net hits the wyvern.
The wyvern is caught in the net!
The wyvern is lightly wounded.
You flicker for a moment.
The wyvern struggles against the net.
The wyvern struggles against the net. x2
The wyvern struggles against the net.
The net rips apart, and the wyvern comes free!
The wyvern hisses menacingly.
You flicker back into view.
The wyvern bites you!
* * * LOW HITPOINT WARNING * * *
Throw: 3 throwing nets
Press: ? - help, Q - select action, (/) - cycle Shift-Dir - straight line, f/p - wyvern
Aim: a wyvern (lightly wounded, 62% to hit)
You throw a throwing net.
The throwing net closely misses the wyvern.
The wyvern bites you!
You die...

###### #..... #.#### #.# # #####
#.# #
#######...##################.####
......'...'.....@l.....(........>
##.####...##########.#.#####.####
#.# #...# #.#.# #.# # #.# #.).#
##### ### # ##'####...#
..........# ###♣♣♣♣♣ ..##...##.#
##....♣.♣♣♣#### ..#8...8#.#
##......♣..♣#... ..##...##.#
##......♣♣♣♣.)...


You could see a wyvern.

Vanquished Creatures
  A shadow (D:6)
  Sigmund (D:6)
  Eustachio (D:6)
  Menkaure (D:6)
  3 ice beasts
  A hornet zombie (D:7)
  2 sky beasts
  A necrophage (D:6)
  An ogre (D:5)
  2 scorpions
  4 wights
  A jelly (D:6)
  2 hounds (D:5)
  Crazy Yiuf (D:6)
  2 bullfrog skeletons
  Jessica (D:2)
  Terence (D:3)
  5 orc wizards
  A hound zombie (D:5)
  13 gnolls
  7 adders
  A white imp (D:5)
  2 worms
  6 orcs
  5 ball pythons
  9 endoplasms
  7 giant cockroaches
  8 goblins
  4 hobgoblins
  5 jackals
  4 quokkas
  11 bats
  5 frilled lizards
  4 kobolds
  8 rats
131 creatures vanquished.

Vanquished Creatures (others)
  5 fungi (D:6)
  3 plants (D:5)
8 creatures vanquished.

Grand Total: 139 creatures vanquished

Notes
Turn   | Place    | Note
-------+----------+-------------------------------------------
     0 | D:1      | pkoi the Demigod Gladiator began the quest for the Orb.
     0 | D:1      | Reached XP level 1. HP: 17/17 MP: 3/3
   245 | D:1      | Reached skill level 3 in Unarmed Combat
   469 | D:1      | Reached XP level 2. HP: 23/24 MP: 4/4
  1161 | D:1      | Reached XP level 3. HP: 25/29 MP: 5/5
  1259 | D:2      | Reached skill level 4 in Unarmed Combat
  1294 | D:2      | Noticed Jessica
  1301 | D:2      | Killed Jessica
  1907 | D:2      | Reached XP level 4. HP: 32/36 MP: 6/6
  2278 | D:3      | Noticed Terence
  2296 | D:3      | Killed Terence
  2297 | D:3      | Reached skill level 5 in Unarmed Combat
  3130 | D:4      | Reached XP level 5. HP: 36/41 MP: 7/7
  3417 | D:4      | Reached skill level 6 in Unarmed Combat
  3986 | D:4      | Reached XP level 6. HP: 9/45 MP: 8/8
  4434 | D:4      | Reached skill level 7 in Unarmed Combat
  4523 | D:4      | Gained mutation: You are frail. (-10% HP) [potion of
                  | mutation]
  4523 | D:4      | Gained mutation: You have a pair of small antennae on your
                  | head. [potion of mutation]
  4789 | D:5      | Entered Level 5 of the Dungeon
  5069 | D:5      | Learned a level 3 spell: Swiftness
  5202 | D:5      | Reached XP level 7. HP: 37/47 MP: 9/9
  5357 | D:5      | Noticed a shadow
  5406 | D:5      | Reached skill level 1 in Spellcasting
  5406 | D:5      | Reached skill level 1 in Air Magic
  5484 | D:5      | Reached skill level 8 in Unarmed Combat
  5815 | D:5      | Found a staircase to the Ecumenical Temple.
  6095 | D:5      | Learned a level 4 spell: Airstrike
  7620 | D:6      | Noticed Eustachio
  8013 | D:6      | Killed Eustachio
  8014 | D:6      | Reached XP level 8. HP: 16/55 MP: 12/14
  8420 | D:6      | Noticed Menkaure
  8428 | D:6      | Killed Menkaure
  8530 | D:6      | Noticed Sigmund
  8539 | D:6      | Killed Sigmund
  8540 | D:6      | Reached skill level 9 in Unarmed Combat
  9234 | D:6      | Found a runed translucent door.
  9235 | D:6      | Noticed Crazy Yiuf
  9245 | D:6      | Killed Crazy Yiuf
  9879 | D:7      | HP: 2/56 [wyvern (4)]
  9926 | D:6      | HP: 1/56 [wyvern (11)]
  9927 | D:6      | Slain by a wyvern

Illustrated notes

Levels and vault maps discovered:
D:1:      dpeg_arrival_pond, layout_loops_ring,
          hellmonk_ecumenical_altar_inner_sanctum, minmay_worlds_worst_comb
D:2:      layout_basic, basic_altar, uniq_jessica
D:3:      layout_rooms, uniq_terence
D:4:      layout_basic, mainiacjoe_overflow_brackets
D:5:      layout_basic, lemuel_doored_altar, minmay_temple_entry_gardened_gates,
          nzn_random_ring
D:6:      layout_basic, minivault_27, corexii_hall_statues_x, uniq_menkaure,
          uniq_crazy_yiuf_cottage, uniq_sigmund, uniq_eustachio
D:7:      layout_loops_ring, gammafunk_ghost_gnarly_gnolls,
          minmay_misc_feat_doors, uniq_harold, uniq_pikel, uniq_duvessa

Skill      XL: |  1  2  3  4  5  6  7  8 |
---------------+-------------------------+-----
Unarmed Combat | 3 4 5 6 7 8 9 |  9.3
Spellcasting   | 2 3 |  3.0
Air Magic      | 2 3 |  3.4
Fighting       | 2 3 |  3.4
Dodging        | 3 4 |  4.1
Throwing       | |  1.7

Action                   |  1- 3 |  4- 6 |  7- 9 || total
-------------------------+-------+-------+-------++-------
Melee: Unarmed           |    36 |    50 |   216 ||   302
       Punch             |     5 |     3 |    16 ||    24
       Dagger            |    83 |   106 |       ||   189
Throw: Throwing net      |       |       |     2 ||     2
Evoke: Wand              |       |       |     1 ||     1
  Use: Scroll            |       |     8 |     6 ||    14
       Potion            |       |     3 |     3 ||     6
 Stab: Invisible         |       |     1 |     2 ||     3
       Distracted        |       |       |     2 ||     2
       Sleeping          |       |       |     1 ||     1
Armor: Leather armour    |    41 |    71 |    46 ||   158
Dodge: Dodged            |    80 |   121 |   155 ||   356
